 Dungeon Crawl Stone Soup version 0.21-a0-154-gb5400c9 (webtiles) character file.

11491 Charly the Cleaver (level 11, -2/97 HPs)
             Began as a Minotaur Hunter on Aug 2, 2017.
             Was an Elder of Makhleb.
             Slain by a centaur warrior (10 damage)
             ... on level 14 of the Dungeon.
             The game lasted 00:40:06 (3115 turns).

Charly the Cleaver (Minotaur Hunter)                Turns: 3115, Time: 00:40:07

Health: -2/97      AC: 20    Str: 17    XL:     11   Next: 50%
Magic:  10/10      EV:  9    Int:  8    God:    Makhleb [****..]
Gold:   216        SH:  0    Dex: 14    Spells: 10/10 levels left

rFire    . . .     SeeInvis .   x - +2 executioner's axe (elec)
rCold    . . .     Gourm    .   (shield currently unavailable)
rNeg     . . .     Faith    .   v - +0 plate armour
rPois    .         Spirit   .   (helmet restricted)
rElec    .         Reflect  .   w - +0 cloak
rCorr    .         Harm     .   (no gloves)
MR       .....                  H - +1 pair of boots
Stlth    ..........             (no amulet)
HPRegen  0.26/turn              t - +3 ring of protection
MPRegen  0.12/turn              s - +5 ring of slaying

@: very slightly contaminated, invisible
A: retaliatory headbutt, horns 2
a: Minor Destruction, Lesser Servant of Makhleb, Major Destruction, Renounce
Religion


You were on level 14 of the Dungeon.
You worshipped Makhleb.
Makhleb was greatly pleased with you.
You were not hungry.

You visited 2 branches of the dungeon, and saw 16 of its levels.

You collected 216 gold pieces.

Inventory:

Hand Weapons
 x - a +2 executioner's axe of electrocution (weapon)
Missiles
 d - a throwing net
 g - 6 silver javelins
 C - 10 javelins (quivered)
Armour
 k - a +0 large shield
 n - a +0 troll leather armour
 v - a +0 plate armour (worn)
 w - a +0 cloak (worn)
 H - a +1 pair of boots (worn)
Magical Staves
 z - an uncursed staff of earth {unknown}
Jewellery
 c - an uncursed ring of ice
 e - a -2 ring of evasion
 i - an uncursed ring of see invisible
 s - a +5 ring of slaying (right hand)
 t - a +3 ring of protection (left hand)
Wands
 a - a wand of confusion (6/48)
 b - a wand of polymorph (2/24)
 y - a wand of digging (3/24)
 A - a wand of acid (0/15)
 F - a wand of polymorph (11/24)
Scrolls
 l - a scroll of teleportation
 m - 4 scrolls of remove curse
 p - 3 scrolls of immolation
Potions
 h - a potion of heal wounds
 o - a potion of flight {unknown}
 q - 5 potions of curing
 r - a potion of magic {unknown}
 D - a potion of haste {unknown}
Comestibles
 f - 4 bread rations


   Skills:
 - Level 9.2 Fighting
 + Level 14.1 Axes
 + Level 6.0 Throwing
 - Level 9.0 Armour
 - Level 8.3 Dodging
 - Level 0.7 Stealth


You had 10 spell levels left.
You didn't know any spells.

Dungeon Overview and Level Annotations

Branches:
Dungeon (14/15)            Temple (0/1) D:7            Lair (0/6) D:11
    Orc (2/2) D:10
    Elf: Orc:2       Vaults: D:13-14

Altars:
Elyvilon
Makhleb
Qazlal
Sif Muna
Uskayaw
Xom
Yredelemnul
Zin
Beogh

Shops:
D:12 [

Annotations:
D:9 1 runed door
D:10 Gastronok
D:11 exclusion: 2 oklob plants
Orc:2 scotch's ghost, journeyman DsFi


Innate Abilities, Weirdness & Mutations

You reflexively headbutt those who attack you in melee.
You have a pair of horns on your head.


Message History

Something hits you but does no damage.
The centaur warrior hits you but does no damage.
The centaur warrior barely misses you.
Unknown command.
You slash the centaur warrior!
Your headbutt misses the centaur warrior.
The centaur warrior is moderately wounded.
The soldier ant twitches its antennae in your direction.
Something hits you but does no damage. The centaur warrior hits you!
* * * LOW HITPOINT WARNING * * *
The centaur warrior hits you but does no damage.
Unknown command.
You catch the helpless centaur warrior completely off-guard!
You carve the centaur warrior like a ham!!!
Your headbutt misses the centaur warrior.
The centaur warrior is almost dead.
The soldier ant twitches its antennae in your direction.
Something hits you but does no damage. The centaur warrior barely misses you.
The centaur warrior hits you!
You die...

#.......#
#.......
......##### ##
#.....#....
#..##..........
#...........#
#...........#
#..@..# #..ca.#
..........#
#...........#
#..##########
#. #


You could see a centaur warrior and a soldier ant (wandering).

Vanquished Creatures
  3 two-headed ogres
  A skeletal warrior (D:12)
  An orc knight (D:9)
  A salamander (shapeshifter) (D:9)
  An ugly thing (D:14)
  2 gargoyles (D:9)
  A troll (D:10)
  A tengu conjurer (D:14)
  3 hippogriffs
  A wraith (D:9)
  2 wyverns (D:9)
  A hungry ghost (D:11)
  An acid dragon (D:13)
  A water moccasin (D:8)
  2 soldier ants
  2 orc warriors
  3 ice beasts
  2 sky beasts
  A black bear (D:9)
  An eye of draining (D:14)
  A phantom (D:9)
  6 ogres
  10 centaurs
  4 bullfrogs (D:9)
  2 big kobolds
  A gnoll sergeant (D:9)
  A wyvern skeleton (D:12)
  3 scorpions
  A water moccasin skeleton (D:9)
  6 howler monkeys
  4 crimson imps
  A bullfrog zombie (D:10)
  4 centaur zombies
  3 jellies (D:9)
  A quasit (D:5)
  3 hounds
  4 centaur skeletons
  5 orc priests
  A bullfrog skeleton (D:6)
  4 orc wizards
  5 iguanas
  8 worker ants
  A hound skeleton (D:5)
  A worker ant zombie (D:5)
  5 adders
  2 shadow imps
  An ooze (D:5)
  2 leopard geckos (D:9)
  39 orcs
  A giant cockroach (D:7)
  8 jackals
  2 quokkas
  A ball python (D:5)
  2 bats
  3 goblins
  A jackal skeleton (D:4)
  5 kobolds
  A leopard gecko skeleton (D:9)
  2 leopard gecko zombies (D:5)
  A quokka skeleton (D:6)
  A quokka zombie (D:8)
  5 rats
193 creatures vanquished.

Notes
Turn   | Place    | Note
-------+----------+-------------------------------------------
     0 | D:1      | Charly the Minotaur Hunter began the quest for the Orb.
     0 | D:1      | Reached XP level 1. HP: 18/18 MP: 0/0
   288 | D:2      | Reached XP level 2. HP: 26/26 MP: 1/1
   462 | D:4      | Reached XP level 3. HP: 15/35 MP: 2/2
   474 | D:4      | Noticed an ogre
   540 | D:5      | Entered Level 5 of the Dungeon
   548 | D:5      | Reached skill level 5 in Fighting
   548 | D:5      | Reached XP level 4. HP: 29/42 MP: 3/3
   639 | D:5      | Noticed an ice beast
   643 | D:5      | Reached XP level 5. HP: 44/51 MP: 4/4
   650 | D:5      | Killed an ice beast
   656 | D:5      | Reached XP level 6. HP: 50/61 MP: 5/5
   705 | D:5      | Found a stormy altar of Qazlal.
   709 | D:5      | Found a white marble altar of Elyvilon.
   709 | D:5      | Found a burning altar of Makhleb.
   716 | D:5      | Found a hide-covered altar of Uskayaw.
   718 | D:5      | Found a deep blue altar of Sif Muna.
   737 | D:5      | Became a worshipper of Makhleb the Destroyer
   838 | D:7      | Noticed an ice beast
   840 | D:7      | Killed an ice beast
   840 | D:7      | Reached skill level 5 in Throwing
   840 | D:7      | Reached skill level 1 in Armour
   840 | D:7      | Reached XP level 7. HP: 69/69 MP: 6/6
   881 | D:7      | Reached skill level 1 in Axes
   916 | D:7      | Reached skill level 2 in Axes
   981 | D:8      | Reached skill level 3 in Axes
   984 | D:8      | Reached * piety under Makhleb
  1009 | D:7      | Found a staircase to the Ecumenical Temple.
  1010 | D:7      | Noticed a hippogriff
  1018 | D:7      | Killed a hippogriff
  1018 | D:7      | Reached skill level 5 in Axes
  1032 | D:7      | Reached skill level 6 in Axes
  1032 | D:7      | Reached XP level 8. HP: 46/75 MP: 7/7
  1104 | D:7      | Found a basalt altar of Yredelemnul.
  1172 | D:8      | Noticed Psyche
  1175 | D:8      | Noticed Psyche
  1175 | D:8      | Psyche changed into Psyche the sky beast
  1188 | D:8      | Killed Psyche the sky beast
  1188 | D:8      | Reached skill level 7 in Axes
  1415 | D:8      | Reached skill level 8 in Axes
  1498 | D:9      | Found a runed door.
  1498 | D:9      | Found a runed door.
  1498 | D:9      | Noticed a gargoyle
  1498 | D:9      | Noticed an orc knight
  1499 | D:9      | Found a runed door.
  1509 | D:9      | Reached skill level 9 in Axes
  1511 | D:9      | Reached XP level 9. HP: 74/82 MP: 8/8
  1529 | D:9      | Killed an orc knight
  1529 | D:9      | Reached skill level 5 in Armour
  1529 | D:9      | Killed a gargoyle
  1529 | D:9      | Reached skill level 10 in Axes
  1538 | D:9      | Reached skill level 5 in Dodging
  1591 | D:9      | Reached ** piety under Makhleb
  1653 | D:9      | Found a runed door.
  1653 | D:9      | Found a runed door.
  1654 | D:9      | Noticed a jumping spider
  1656 | D:9      | Noticed a five-headed hydra
  1657 | D:9      | Reached skill level 11 in Axes
  1723 | D:9      | Noticed a two-headed ogre
  1731 | D:9      | Killed a two-headed ogre
  1731 | D:9      | Reached skill level 12 in Axes
  1731 | D:9      | Reached XP level 10. HP: 70/90 MP: 9/9
  1781 | D:9      | Noticed a two-headed ogre
  1788 | D:9      | Killed a two-headed ogre
  1816 | D:9      | Found a glowing silver altar of Zin.
  1827 | D:9      | Found a shimmering altar of Xom.
  1903 | D:10     | Entered Level 10 of the Dungeon
  2016 | D:10     | Noticed Gastronok
  2027 | D:9      | Noticed a gargoyle
  2036 | D:9      | Killed a gargoyle
  2330 | D:9      | Noticed a salamander
  2350 | D:9      | Killed a salamander
  2395 | D:9      | WASTE
  2472 | D:10     | Reached *** piety under Makhleb
  2475 | D:10     | Found a staircase to the Orcish Mines.
  2482 | Orc:1    | Entered Level 1 of the Orcish Mines
  2493 | Orc:2    | Entered Level 2 of the Orcish Mines
  2493 | Orc:2    | Found a roughly hewn altar of Beogh.
  2496 | Orc:2    | Noticed scotch's ghost (journeyman DsFi)
  2503 | Orc:1    | Reached skill level 13 in Axes
  2612 | D:11     | Found a staircase to the Lair.
  2612 | D:11     | Noticed an oklob plant
  2612 | D:11     | Noticed an oklob plant
  2714 | D:12     | Reached XP level 11. HP: 95/95 MP: 10/10
  2805 | D:12     | Found Ludephuc's Armour Shoppe.
  2837 | D:12     | Noticed a skeletal warrior
  2868 | D:12     | Killed a skeletal warrior
  2890 | D:12     | Reached **** piety under Makhleb
  2938 | D:13     | Identified a scroll of acquirement
  3046 | D:14     | Noticed a two-headed ogre
  3053 | D:14     | Killed a two-headed ogre
  3086 | D:14     | Noticed a red ugly thing
  3087 | D:14     | Noticed a red ugly thing
  3087 | D:14     | Noticed a red ugly thing
  3089 | D:14     | Noticed a red ugly thing
  3098 | D:14     | Noticed a red ugly thing
  3099 | D:14     | Killed a red ugly thing
  3099 | D:14     | Reached skill level 14 in Axes
  3112 | D:14     | Noticed a centaur warrior
  3115 | D:14     | Slain by a centaur warrior

Vault maps used:
D:1:      eino_arrival_cavern_a, kennysheep_crisscross
D:2:      first_bread, grunt_gozag_statues, uniq_robin, uniq_jessica
D:3:      okawaru_trees_2
D:5:      lemuel_ice_spiral_2, minmay_overflow_temple_star_hex, serial_undead,
          serial_undead_a, serial_undead_e, serial_undead_e, serial_undead_f,
          serial_undead_e, serial_undead_f, serial_bayou_pond_d
D:6:      cheibrodos_steamvent, serial_glass, glass_columns_a, glass_columns_b
D:7:      nicolae_overflow_hidden_temple, minmay_temple_entry_statues,
          serial_park_tiny_pond
D:8:      uniq_psyche
D:9:      minmay_the_grid_triangle_9x9_rhombus_full, zin_statuary,
          xom_teletrap_fun
D:10:     hiddenorc1_lemuel, serial_shops, shop, uniq_gastronok
D:11:     dpeg_oklobed_lair
D:12:     serial_shops, nicolae_shop_crystal, shop, shop, shop_statue, shop
D:13:     kennysheep_windowed_halls, serial_shops, shop, patterned_corridor
D:14:     hangedman_vaults_entry_quadrant_bands, uniq_kirke
Orc:1:    serial_shops, shop, lightli_orcish_oven, uniq_harold, uniq_urug
Orc:2:    st_orc_ogre_mass, basic_altar

Skill      XL: |  1  2  3  4  5  6  7  8  9 10 11 |
---------------+----------------------------------+-----
Fighting       | 3 4 5 6 7 8 9 |  9.2
Throwing       | 5 6 |  6.0
Armour         | 1 4 6 8 9 |  9.0
Axes           | 6 9 12 13 14 | 14.1
Dodging        | 3 5 7 8 |  8.3
Stealth        | |  0.7

Action                   |  1- 3 |  4- 6 |  7- 9 | 10-12 || total
-------------------------+-------+-------+-------+-------++-------
Melee: Short sword       |    47 |    34 |       |       ||    81
       Headbutt          |    11 |     8 |    42 |    47 ||   108
       Hand axe          |       |       |   140 |       ||   140
       Broad axe         |       |       |    36 |   169 ||   205
       Executioner's axe |       |       |       |    40 ||    40
Throw: Javelin           |     9 |    16 |    20 |    18 ||    63
       Throwing net      |     4 |       |       |       ||     4
Evoke: Wand              |       |       |    15 |     7 ||    22
  Use: Scroll            |       |       |    14 |     6 ||    20
       Potion            |       |       |       |     2 ||     2
 Stab: Paralysed         |       |       |     3 |       ||     3
       Invisible         |       |       |       |     2 ||     2
  Eat: Fruit             |       |     4 |       |     2 ||     6
       Chunk             |       |       |       |     5 ||     5
Armor: Leather armour    |     4 |       |       |       ||     4
       Scale mail        |     7 |    11 |       |       ||    18
       Plate armour      |       |     3 |   137 |   169 ||   309
Dodge: Dodged            |    27 |    17 |    48 |   107 ||   199
